 Dungeon Crawl Stone Soup version 0.17.0-18-gaab0e96 (console) character file.

84 gw the Grasshopper (level 4, -4/23 HPs)
             Began as a Spriggan Warper on Nov 11, 2015.
             Slain by an orc
             ... wielding a +0 hand axe
              (6 damage)
             ... on level 3 of the Dungeon.
             The game lasted 00:03:05 (3134 turns).

gw the Grasshopper (Spriggan Warper)                Turns: 3134, Time: 00:03:05

Health: -4/23      AC:  3    Str:  7    XL:     4   Next: 23%
Magic:  11/11      EV: 19    Int: 15    God:
Gold:   136        SH:  0    Dex: 15    Spells: 4 memorised, 3 levels left

rFire  . . .     SeeInvis +     d - +0 short sword
rCold  . . .     Clarity  .     b - +0 robe
rNeg   . . .     SustAt   .     (shield restricted)
rPois  .         Gourm    .     (helmet restricted)
rElec  .         Spirit   .     e - +0 cloak
rCorr  .         Warding  .     (gloves unavailable)
rMut   .         Stasis   .     (boots unavailable)
MR     .....                    (no amulet)
Stlth  +.........               (no ring)
                                (no ring)

@: starving, very quick, not resistant to hostile enchantments, very unstealthy
A: unfitting armour, see invisible, herbivore 3, speed 3, slow metabolism 2
a: no special abilities


You were on level 3 of the Dungeon.
You were starving.

You visited 1 branch of the dungeon, and saw 3 of its levels.

You collected 136 gold pieces.

Inventory:

Hand Weapons
 a - a +0 hunting sling
 d - a +0 short sword (weapon)
Missiles
 g - 177 stones (quivered)
Armour
 b - a +0 robe (worn)
 e - a +0 cloak (worn)
Books
 c - a book of Spatial Translocations

   Spells                             Type                      Level
   a - Apportation                    Translocation                1
   b - Blink                          Translocation                2
   c - Shroud of Golubria             Charms/Translocation         2
   d - Portal Projectile              Translocation                3
   e - Teleport Other                 Translocation                3
   f - Passage of Golubria            Translocation                4
Comestibles
 f - 4 bread rations


   Skills:
 + Level 1.8 Fighting
 + Level 2.9 Short Blades
 + Level 0.2(0.8) Slings
 - Level 1.0 Throwing
 + Level 4.2 Dodging
 * Level 4.1 Spellcasting
 + Level 4.9 Translocations


You had 3 spell levels left.
You knew the following spells:

 Your Spells              Type           Power        Failure   Level  Hunger
a - Apportation           Tloc           ###.......   1%          1    None
b - Blink                 Tloc           N/A          3%          2    ##.....
c - Shroud of Golubria    Chrm/Tloc      ##........   12%         2    ##.....
d - Portal Projectile     Tloc           ###...       10%         3    ###....


Dungeon Overview and Level Annotations

Branches:
Dungeon (3/15)

Altars:
Kikubaaqudgha


Innate Abilities, Weirdness & Mutations

You are tiny and cannot use many weapons and most armour.
You have supernaturally acute eyesight.
You are a herbivore.
You cover ground extremely quickly.
You need consume almost no food.


Message History

Unknown command.
Unknown command.
Unknown command.
Unknown command.
ATTACK MOVE TO (-1,1)
You barely miss the orc.
The orc is moderately wounded.
The orc misses you.
The orc priest hits you with a short sword.
The orc completely misses you. The orc misses you.
Unknown command.
Unknown command.
Unknown command.
Unknown command.
ATTACK MOVE TO (-1,1)
You closely miss the orc.
The orc is moderately wounded.
The orc hits you. The orc priest completely misses you.
The orc hits you with a hand axe.
You die...

#### ... # .. #. . ...# #. .###
#.###.###. .... .(.# ...##
#..##?.#.. .w#.##.# #..#
##..##.... ..#.##(##
#.###.........
####...##..######........##...
####.##.# #.....ioo(....###......
#......(###....ooo.#....###......
#......((.(.(...wK.#..#..##......
#.......###......(.(.###..#...##.
####.#### #........### ##[....#..
### #........# ##.%...._
#........### ##.#....
#.....(....# #.#.... ##########.#
..#....


You could see a worm, an orc priest, 4 orcs and a kobold.

Table legend:
 A = Turns spent in this place as a percentage of turns spent in the entire game.
 B = Non-inter-level travel turns spent in this place as a percentage of non-inter-level travel turns spent in the entire game.
 C = Inter-level travel turns spent in this place as a percentage of turns spent in this place.
 D = Turns resting spent in this place as a percentage of non-inter-level travel turns spent in this place.
 E = Turns spent auto-exploring this place as a percentage of non-inter-level travel turns spent in this place.
 F = Non-inter-level travel turns spent in this place divided by the number of levels of this place that you've seen.
                   A       B       C       D       E      F
               +-------+-------+-------+-------+-------+----------------------
         Total | 100.0 | 100.0 |   0.0 |   1.6 |   1.9 | 1358.7
       Dungeon | 100.0 | 100.0 |   0.0 |   1.6 |   1.9 | 1358.7
               +-------+-------+-------+-------+-------+----------------------

Table legend:
 A = Kills in this place as a percentage of kills in entire the game.
 B = Kills by you in this place as a percentage of kills by you in the entire game.
 C = Kills by friends in this place as a percentage of kills by friends in the entire game.
 D = Other kills in this place as a percentage of other kills in the entire game.
 E = Experience gained in this place as a percentage of experience gained in the entire game.
 F = Experience gained in this place divided by the number of levels of this place that you have seen.
                   A       B       C       D       E      F
               +-------+-------+-------+-------+-------+----------------------
         Total | 100.0 | 100.0 |  -nan |  -nan | 100.0 |  40.0
       Dungeon | 100.0 | 100.0 |  -nan |  -nan | 100.0 |  40.0
               +-------+-------+-------+-------+-------+----------------------

Vanquished Creatures
  5 adders
  A worm (D:2)
  An orc (D:3)
  2 ball pythons
  5 bats
  2 giant cockroaches (D:2)
  6 goblins
  3 hobgoblins (D:1)
  A jackal (D:3)
  6 kobolds
  A quokka (D:3)
  A giant newt (D:2)
  5 rats
39 creatures vanquished.

Notes
Turn   | Place    | Note
--------------------------------------------------------------
     0 | D:1      | gw the Spriggan Warper began the quest for the Orb.
     0 | D:1      | Reached XP level 1. HP: 10/10 MP: 5/5
   483 | D:1      | Reached XP level 2. HP: 15/15 MP: 7/7
   487 | D:1      | Learned a level 2 spell: Blink
   490 | D:1      | Learned a level 2 spell: Shroud of Golubria
  1726 | D:2      | Reached XP level 3. HP: 12/18 MP: 2/8
  1820 | D:2      | Learned a level 3 spell: Portal Projectile
  2407 | D:3      | Reached XP level 4. HP: 14/23 MP: 7/11
  2643 | D:3      | Found an ancient bone altar of Kikubaaqudgha.
  3134 | D:3      | Slain by an orc

Action                   |  1- 3 |  4- 6 || total
-------------------------+-------+-------++-------
Melee: Short sword       |   124 |    33 ||   157
 Fire: Hunting sling     |       |    36 ||    36
Throw: Tomahawk          |     5 |       ||     5
 Cast: Shroud of Golubri |    27 |     6 ||    33
  Use: Scroll            |     1 |       ||     1

Vault maps used:
D:1:      dpeg_arrival_pond, st_stairs_10
D:2:      first_bread
D:3:      nicolae_overflow_crystal_walls, guppyfry_early_orc_mine
